 Dungeon Crawl Stone Soup version 0.14-a0-2888-g61d0ccb (webtiles) character file.

37 Quh the Magician (level 2, -1/16 HPs)
             Began as a Deep Elf Wizard on Mar 1, 2014.
             Slain by a worm (10 damage)
             ... on Level 1 of the Dungeon.
             The game lasted 00:06:11 (892 turns).

Quh the Magician (Deep Elf Wizard)                   Turns: 892, Time: 00:06:11

HP  -1/16        AC  2     Str  4      XL: 2   Next: 86%
MP   0/9         EV 13     Int 22      God:
Gold 12          SH  0     Dex 13      Spells:  3 memorised,  5 levels left

rFire  . . .     SeeInvis .     f - +4,+2 dagger
rCold  . . .     Clarity  .     a - +0 elf robe
rNeg   . . .     Conserve .     (no shield)
rPois  .         rCorr    .     b - +0 elf hat
rElec  .         rRot     .     (no cloak)
SustAb . .       Spirit   .     (no gloves)
rMut   .         Warding  .     (no boots)
Saprov . . .     Stasis   .     (no amulet)
MR     .....                    (no ring)
                                (no ring)

@: very slightly contaminated, not resistant to hostile enchantments, fairly
stealthy
A: no striking features
a: no special abilities


You were on level 1 of the Dungeon.
You were not hungry.

You visited 1 branch of the dungeon, and saw 1 of its levels.

You collected 12 gold pieces.

Inventory:

Hand weapons
 f - a +4,+2 dagger (weapon)
Missiles
 g - 17 darts of frost (quivered)
Armour
 a - a +0 elven robe (worn)
 b - a +0 elven hat (worn)
Comestibles
 d - a bread ration
 j - 3 chunks of gnoll flesh
Scrolls
 l - a scroll of identify
 m - a scroll of curse jewellery {unknown}
Potions
 e - a potion of paralysis {unknown}
 h - 2 potions of lignification
 i - a potion of heal wounds {unknown}
Books
 c - a book of Minor Magic

   Spells                             Type                      Level
   *Magic Dart                        Conjuration                  1
   *Blink                             Translocation                2
   *Call Imp                          Summoning                    2
   Repel Missiles                     Charms/Air                   2
   Slow                               Hexes                        2
   Conjure Flame                      Conjuration/Fire             3
   Mephitic Cloud                     Conjuration/Poison/Air       3


   Skills:
 * Level 1.0 Fighting
 + Level 2.7 Dodging
 - Level 2.4 Stealth
 + Level 4.5 Spellcasting
 + Level 1.9 Conjurations
 * Level 1.3 Summonings
 * Level 1.4 Translocations


You had 5 spell levels left.
You knew the following spells:

 Your Spells              Type           Power        Failure   Level  Hunger
a - Magic Dart            Conj           ##..         6%          1    None
b - Call Imp              Summ           ##........   12%         2    None
c - Blink                 Tloc           N/A          10%         2    None


Dungeon Overview and Level Annotations

Branches:
Dungeon (1/16)

Altars:


Message History

You miscast Magic Dart.
You are very lightly contaminated with residual magic.
Nothing appears to happen.
Casting: Magic Dart
Confirm with . or Enter, or press ? or * to list all spells.
Aiming: Magic Dart
Press: ? - help, Shift-Dir - straight line, f/p - worm
Aim: a worm (severely wounded)
The magic dart hits the worm.
The worm is severely wounded.
You hit the worm but do no damage.
The worm is severely wounded.
The worm bites you.
You completely miss the worm.
The worm is severely wounded.
You hit the worm but do no damage.
The worm is severely wounded.
The worm bites you!
Ouch! That really hurt!
You die...

..........##.#.####
.. .......#
#.#....# . #...#
#.####.#.##
#...#####.####.#...
#.....(((.(.(.%...
#......().%(>.$...
#.######.####.#...
##.## #.# #...##
#######
####.@.#####.#
#..K.# .......
5.#..w.......#
####.. ......#
#.#....####### #.
#####.# #.#.#.## #
#.# #.#%#.#
#.######.#.#.#
#####..........#.#
.......#..>......#
############.#####


You could see a worm.

Vanquished Creatures
  An ooze (D:1)
  3 hobgoblins (D:1)
  4 jackals (D:1)
  2 bats (D:1)
  A giant newt (D:1)
  A goblin (D:1)
  2 kobolds (D:1)
  A rat (D:1)
15 creatures vanquished.

Vanquished Creatures (collateral kills)
  A gnoll (D:1)
  A hobgoblin (D:1)
  A jackal (D:1)
  A kobold (D:1)
4 creatures vanquished.

Vanquished Creatures (others)
  A shadow imp (D:1)
1 creature vanquished.

Grand Total: 20 creatures vanquished

Notes
Turn   | Place    | Note
--------------------------------------------------------------
     0 | D:1      | Quh, the Deep Elf Wizard, began the quest for the Orb.
     0 | D:1      | Reached XP level 1. HP: 10/10 MP: 6/6
   342 | D:1      | Reached XP level 2. HP: 16/16 MP: 1/9
   346 | D:1      | Learned a level 2 spell: Call Imp
   349 | D:1      | Learned a level 2 spell: Blink
   821 | D:1      | Reached skill level 1 in Fighting
   892 | D:1      | Slain by a worm

Action                   || total
-------------------------++-------
Melee: Dagger            ||    12
 Cast: Magic Dart        ||    40
       Call Imp          ||     7
  Use: Scroll            ||     1
